 Dungeon Crawl Stone Soup version 0.27-a0-679-g77a6b55cf3 (webtiles) character file.

Game seed: 7422921497299100419

268 Lanoc the Bolt Thrower (level 6, -6/73 HPs)
             Began as a Barachi Wanderer on Mar 18, 2021.
             Was an Initiate of Qazlal.
             Mangled by Crazy Yiuf
             ... wielding a +3 quarterstaff of chaos
              (18 damage)
             ... on level 4 of the Dungeon.
             The game lasted 00:03:52 (3147 turns).

Lanoc the Bolt Thrower (Barachi Wanderer)           Turns: 3147, Time: 00:03:52

Health: -6/73      AC:  9    Str: 14    XL:     6   Next: 21%
Magic:  6/6        EV:  9    Int: 15    God:    Qazlal [......]
Gold:   74         SH:  0    Dex: 10    Spells: 5/5 levels left

rFire    . . .     SeeInvis .   (no weapon)
rCold    . . .     Faith    .   (no shield)
rNeg     . . .     Spirit   .   b - +2 scale mail
rPois    .         Reflect  .   k - +1 hat
rElec    .         Harm     .   (no cloak)
rCorr    .         Rampage  .   (no gloves)
Will     .....                  (no boots)
Stlth    ..........             (no amulet)
HPRegen  0.22/turn              (no ring)
MPRegen  0.10/turn              (no ring)

@: confused, mighty, berserking, lethally poisoned (-6 -> -8), slowed, slow
A: +LOS, amphibious, slowness 1, strong legs 1
a: Hop, Renounce Religion


You were on level 4 of the Dungeon.
You worshipped Qazlal.
Qazlal was noncommittal.
You visited 2 branches of the dungeon, and saw 5 of its levels.

You collected 95 gold pieces.
You spent 21 gold pieces at shops.

Inventory:

Hand Weapons
 a - a +0 hand crossbow
Missiles
 c - 26 bolts
 i - 4 atropa-tipped darts
Armour
 b - a +2 scale mail (worn)
 k - a +1 hat (worn)
Jewellery
 f - a ring of protection from fire
Wands
 n - a wand of acid (4)
Scrolls
 d - 2 scrolls of teleportation
 e - a scroll of fear {unknown}
 g - 2 scrolls of identify {unknown}
 h - a scroll of acquirement {unknown}
 o - a scroll of silence {unknown}
Potions
 m - a potion of degeneration {unknown}
 p - a potion of curing {unknown}
 q - a potion of haste {unknown}


   Skills:
 + Level 4.7 Fighting
 * Level 5.8 Crossbows
 - Level 3.6 Armour
 - Level 2.1 Evocations


You had 5 spell levels left.
You didn't know any spells.
Your spell library contained the following spells:

 Spells                   Type           Power      Damage    Failure   Level
 Corona                   Hex            0%         N/A       73%         1
 Ensorcelled Hibernation  Hex/Ice        0%         N/A       86%         2
 Confusing Touch          Hex            0%         N/A       97%         3
 Dazzling Flash           Conj/Hex       0%         N/A       97%         3
 Tukima's Dance           Hex            0%         N/A       97%         3


Dungeon Overview and Level Annotations

Branches:
Dungeon (4/15)             Temple (1/1) D:4

Altars:
Ashenzari
Cheibriados
Fedhas
Hepliaklqana
Okawaru
Qazlal
Sif Muna
Wu Jian
Xom

Shops:
D:3 *

Annotations:
D:4 Crazy Yiuf


Innate Abilities, Weirdness & Mutations

You can be seen from farther away. (+LOS)
You are amphibious.
You cover ground slowly.
You can hop short distances.


Message History

You shoot a bolt. The bolt hits the giant cockroach!
You kill the giant cockroach!
Qazlal accepts your kill.
No target in view!
HP restored.
c - 27 bolts (gained 4)
You see here a giant cockroach corpse.
There is a stone staircase leading up here.
Crazy Yiuf shouts!
You open the door.
Crazy Yiuf glowers.
You shoot a bolt. The bolt barely misses Crazy Yiuf.
Crazy Yiuf hits you with a +3 quarterstaff of chaos.
You are confused.
Crazy Yiuf hits you with a +3 quarterstaff of chaos!
Crazy Yiuf freezes you.
You are too confused!
It was a potion of might.
You feel very mighty all of a sudden.
Crazy Yiuf hits you with a +3 quarterstaff of chaos!
* * * LOW HITPOINT WARNING * * *
You feel yourself slow down.
It was a potion of heal wounds.
You feel much better.
Crazy Yiuf hits you with a +3 quarterstaff of chaos!
A red film seems to cover your vision as you go berserk!
You feel yourself moving faster!
You feel mighty!
You are now empty-handed.
You are too berserk!
You're too confused to move!
You feel a strong urge to attack something.
Crazy Yiuf sings, "Trees, trees, trees, circus!"
Crazy Yiuf hits you with a +3 quarterstaff of chaos.
You are poisoned.
You hit Crazy Yiuf.
Crazy Yiuf is lightly wounded.
You feel sick.
Crazy Yiuf hits you with a +3 quarterstaff of chaos!
* * * LOW HITPOINT WARNING * * *
You are electrocuted!!
You die...

#.#############.#.#
### #...#.#.#
###.#.#.#### #####
#.....#.##.. #)(.#
#.#.###.##.# #...#
#...# #.##.# ...
#...# #.##.# #g#
#...# #.##.# ♣@♣♣
#...# #....# ♣♣.♣
#...######## ♣.♣♣
#...#.....# ♣♣.♣
##..#.###.# ♣♣.♣♣
#...#.# #.## ♣♣...♣
###.#.# #... ♣....♣
#...#.# #### #....#
#####.#
#....#######.#


You could see Crazy Yiuf.

Vanquished Creatures
  An ice beast (D:2)
  Jessica (D:2)
  2 iguanas
  A worker ant (D:3)
  2 adders (D:2)
  An ooze (D:3)
  2 dart slugs (D:2)
  A worm (D:3)
  2 leopard geckos (D:2)
  2 orcs (D:3)
  4 giant cockroaches
  2 hobgoblins
  4 jackals
  2 quokkas (D:3)
  A ball python (D:3)
  3 bats
  9 frilled lizards
  4 goblins (D:3)
  3 kobolds (D:3)
  3 rats (D:3)
50 creatures vanquished.

Notes
Turn   | Place    | Note
-------+----------+-------------------------------------------
     0 | D:1      | Lanoc the Barachi Wanderer began the quest for the Orb.
     0 | D:1      | Lanoc set off with the following items: a +0 hand crossbow,
                  | a +2 scale mail, 22 bolts, a scroll of teleportation
     0 | D:1      | Reached XP level 1. HP: 17/17 MP: 1/1
   137 | D:2      | Reached XP level 2. HP: 21/23 MP: 2/2
   283 | D:2      | Noticed Jessica
   286 | D:2      | Killed Jessica
   287 | D:2      | Reached skill level 4 in Crossbows
   287 | D:2      | Reached XP level 3. HP: 29/29 MP: 3/3
   318 | D:2      | Found a snail-covered altar of Cheibriados.
   425 | D:2      | Found a stormy altar of Qazlal.
   431 | D:2      | Became a worshipper of Qazlal Stormbringer
   468 | D:2      | Found a blossoming altar of Fedhas.
   512 | D:2      | Noticed an ice beast
   523 | D:2      | Killed an ice beast
   524 | D:2      | Reached skill level 5 in Crossbows
   524 | D:2      | Reached XP level 4. HP: 16/37 MP: 4/4
   524 | D:2      | Reached XP level 5. HP: 18/42 MP: 5/5
   735 | D:2      | Found an iron altar of Okawaru.
  1293 | D:3      | Found Araohoul's Assorted Antiques.
  1516 | D:3      | Bought a blue potion for 21 gold pieces
  1637 | D:3      | Reached XP level 6. HP: 49/49 MP: 6/6
  1637 | D:3      | Found a broken altar of Ashenzari.
  2150 | D:4      | Found a runed translucent door.
  2151 | D:4      | Noticed Crazy Yiuf
  2365 | D:4      | Found a staircase to the Ecumenical Temple.
  2374 | Temple   | Entered the Ecumenical Temple
  3147 | D:4      | Mangled by Crazy Yiuf

Illustrated notes

Levels and vault maps discovered:
D:1:      wheals_arrival_linesprint, layout_rooms, lemuel_old_faithful
D:2:      layout_rooms, lemuel_round_altar, fedhas_altar_fruit_tree,
          general_overflow_altar, cheibriados_altar_1, uniq_jessica
D:3:      layout_basic, evilmike_ruin_ashenzari, serial_shops, shop,
          chequers_hall_statues_y, st_stairs_7, chequers_serial_rivers_micro_c
D:4:      layout_basic, minmay_temple_entry_mist, kennysheep_generic_room_11,
          uniq_crazy_yiuf_cottage
Temple:   eino_temple_rhombus

Skill      XL: |  1  2  3 |
---------------+----------+-----
Fighting       | 3 4 |  4.7
Crossbows      | 4 5 |  5.8
Armour         | |  3.6
Evocations     | |  2.1

Action                   |  1- 3 |  4- 6 || total
-------------------------+-------+-------++-------
Melee: Unarmed           |       |     1 ||     1
 Fire: Hand crossbow     |    48 |    95 ||   143
  Use: Potion            |       |     2 ||     2
Armor: Scale mail        |    12 |    22 ||    34
Dodge: Dodged            |    13 |    25 ||    38

Table legend: (Time is in decaauts)
 A = Elapsed time spent in this place.
 B = Non-inter-level travel time spent in this place.
 C = Inter-level travel time spent in this place.
 D = Time resting spent in this place.
 E = Time spent auto-exploring this place.
 F = Levels seen in this place.
 G = Mean time per level.
                   A        B        C        D        E       F      G
               +--------+--------+--------+--------+--------+-----+--------+
         Total |   3634 |   3553 |     81 |      0 |   3214 |   5 |  726.8 |
       Dungeon |   3632 |   3551 |     81 |      0 |   3214 |   4 |  908.0 |
        Temple |      1 |      1 |      0 |      0 |      0 |   1 |    1.0 |
               +--------+--------+--------+--------+--------+-----+--------+

Top non-repeatable levels by time:
     D:4: 1437 daAuts
     D:3: 1073 daAuts
     D:2: 965 daAuts
     D:1: 156 daAuts
  Temple: 1 daAuts
